 Dungeon Crawl Stone Soup version 0.26-a0-1102-g347fe5baa7 (webtiles) character file.

Game seed: 12424512965565200236

84641 kazak the Impaler (level 16, -4/120 HPs)
             Began as a Formicid Abyssal Knight on Dec 15, 2020.
             Was the Champion of Lugonu.
             Slain by a death knight
             ... wielding a +3 battleaxe of electrocution
              (6 damage)
             ... on level 13 of the Dungeon.
             The game lasted 01:00:54 (32212 turns).

kazak the Impaler (Formicid Abyssal Knight)        Turns: 32212, Time: 01:00:54

Health: -4/120     AC: 22    Str: 23    XL:     16   Next: 28%
Magic:  20/22      EV:  8    Int:  8    God:    Lugonu [******]
Gold:   2369       SH: 11    Dex: 10    Spells: 15/15 levels left

rFire    + . .     SeeInvis +   a - +4 spear (venom)
rCold    + + .     Faith    .   o - +0 kite shield
rNeg     + . .     Spirit   .   r - +0 plate armour
rPois    +         Reflect  .   (helmet unavailable)
rElec    +         Harm     .   Q - scarf {rC+ rF+}
rCorr    .         Rampage  .   L - +0 pair of gloves "Soatuw" {rC+ rN+ Int-2 Stlth+}
Will     +....                  (no boots)
Stlth    ..........             N - amulet of Kasysa {Acrobat +Inv rElec Int-3 Stlth+}
HPRegen  0.30/turn              B - +4 ring of protection
MPRegen  0.18/turn              w - ring of poison resistance

@: no status effects
A: permanent stasis, dig shafts and tunnels, four strong arms, antennae 3,
screaming 1, subdued magic 1
a: Dig, Shaft Self, Depart the Abyss, Bend Space, Banish, Corrupt, Enter the
Abyss, Brand Weapon With Distortion, Renounce Religion, Evoke Invisibility


You were on level 13 of the Dungeon.
You worshipped Lugonu.
Lugonu was exalted by your worship.
You visited 3 branches of the dungeon, and saw 21 of its levels.
You visited the Abyss 1 time.
You also visited: Ossuary and Gauntlet.

You collected 2752 gold pieces.
You spent 383 gold pieces at shops.

Inventory:

Hand Weapons
 a - a +4 spear of venom (weapon)
 b - a +0 glaive
 k - a +1 spear
 A - a +0 halberd
 D - a +0 trident
 G - a +1 trident of venom
Missiles
 E - a throwing net
 V - 7 curare-tipped darts (quivered)
Armour
 o - a +0 kite shield (worn)
 r - a +0 plate armour (worn)
 C - a +2 cloak of poison resistance
 L - the +0 pair of gloves "Soatuw" (worn) {rC+ rN+ Int-2 Stlth+}
   (You found it on level 2 of the Lair of Beasts)

   It affects your intelligence (-2).
   It protects you from cold.
   It protects you from negative energy.
   It makes you more stealthy.
 M - the +1 leather armour "Kuwn" {*Slow Int+8 Stlth+, unknown}
   (You found it in a Gauntlet)

   It affects your intelligence (+8).
   It may slow you when you take damage.
   It makes you more stealthy.
 Q - a scarf of resistance (worn)
Jewellery
 c - an uncursed amulet of reflection
 e - a +6 ring of strength
 g - a +6 ring of dexterity
 h - an uncursed amulet of faith
 p - a +4 ring of protection
 w - a ring of poison resistance (right hand)
 B - a +4 ring of protection (left hand)
 J - the ring "Deanepp" {+Fly rN+ Int-2 Dex+5}
   (You found it in a Gauntlet)

   [ring of positive energy]

   It affects your intelligence (-2).
   It affects your dexterity (+5).
   It protects you from negative energy.
   It lets you fly.
 N - the amulet of Kasysa (around neck) {Acrobat +Inv rElec Int-3 Stlth+}
   (You found it in a Gauntlet)

   [amulet of the acrobat]

   It helps you evade while moving and waiting.
   It affects your intelligence (-3).
   It insulates you from electricity.
   It lets you turn invisible.
   It makes you more stealthy.
 O - an uncursed ring of protection from cold
 Y - an uncursed ring of willpower
Wands
 l - a wand of enslavement (11)
 q - a wand of disintegration (12)
 t - a wand of polymorph (12)
 u - a wand of random effects (48)
 x - a wand of paralysis (17)
 z - a wand of acid (15)
 P - a wand of digging (19)
 U - a wand of iceblast (7)
Scrolls
 d - 8 scrolls of remove curse
 i - 15 scrolls of identify
 n - 7 scrolls of amnesia
 v - 3 scrolls of enchant armour
 y - 2 scrolls of fear
 H - a scroll of fog
 I - 3 scrolls of magic mapping
 Z - 4 scrolls of enchant weapon
Potions
 j - 4 potions of curing
 s - 2 potions of cancellation
 F - 5 potions of flight
 K - 2 potions of attraction
 T - a potion of magic
 X - a potion of brilliance
Miscellaneous
 m - a phantom mirror
 R - a lightning rod (4/4)
 S - a phantom mirror


   Skills:
 - Level 9.1 Fighting
 - Level 18.2 Polearms
 + Level 14.5 Armour
 - Level 0.8 Dodging
 - Level 9.0 Shields
 - Level 8.0 Invocations
 - Level 9.0 Evocations


You had 15 spell levels left.
You didn't know any spells.
Your spell library contained the following spells:

 Spells                   Type           Power        Failure   Level
 Animate Skeleton         Necr           #.....       98%         1
 Beastly Appendage        Tmut           #.....       98%         1
 Corona                   Hex            #......      98%         1
 Foxfire                  Conj/Fire      #...         98%         1
 Pain                     Necr           #...         98%         1
 Shock                    Conj/Air       #...         98%         1
 Corpse Rot               Necr/Air       N/A          99%         2
 Ensorcelled Hibernation  Hex/Ice        #.....       99%         2
 Sublimation of Blood     Necr           #.........   99%         2
 Wereblood                Tmut           #.......     99%         2
 Confusing Touch          Hex            #.......     100%        3
 Dazzling Flash           Conj/Hex       #.....       100%        3
 Spider Form              Tmut/Pois      #.........   100%        3
 Static Discharge         Conj/Air       #.......     100%        3
 Tukima's Dance           Hex            #.......     100%        3
 Vampiric Draining        Necr           #.........   100%        3
 Airstrike                Air            #.........   100%        4
 Animate Dead             Necr           #.........   100%        4
 Cause Fear               Hex            #.........   100%        4
 Dispel Undead            Necr           #.......     100%        4
 Ice Form                 Ice/Tmut       #.......     100%        4
 Agony                    Necr           #.......     100%        5
 Blade Hands              Tmut           #.........   100%        5
 Borgnjor's Vile Clutch   Necr/Erth      #.........   100%        5
 Excruciating Wounds      Necr           #.........   100%        5
 Lightning Bolt           Conj/Air       #.........   100%        5
 Death Channel            Necr           #.........   100%        6
 Simulacrum               Ice/Necr       #.........   100%        6
 Dragon Form              Tmut           #.........   100%        7
 Dragon's Call            Summ           #.........   100%        9
 Swiftness                Air            Unusable     N/A         2

Dungeon Overview and Level Annotations

Branches:
Dungeon (13/15)            Temple (0/1) D:6            Lair (6/6) D:11
  Swamp (0/4) Lair:2       Spider (0/4) Lair:3        Slime (0/5) Lair:5
    Orc (2/2) D:10            Elf (0/3) Orc:2       Ossuary (visited)
Gauntlet (visited)
 Vaults: D:13-14

Altars:
Cheibriados
Hepliaklqana
Kikubaaqudgha
Nemelex Xobeh
Okawaru
Qazlal
Sif Muna
Uskayaw
Vehumet
Wu Jian
Zin
The Shining One
Beogh
Jiyva

Shops:
D:7 !   D:8 !   Orc:1 }   Orc:2 **(?

Annotations:
D:7 2 transporters, DarkMailMan's ghost, novice DEFE
D:13 1 transporter
Lair:4 exclusion: oklob plant
Lair:5 1 runed translucent door


Innate Abilities, Weirdness & Mutations

You cannot be hasted, slowed, berserked, paralysed or teleported.
You can dig through walls and to a lower floor.
Your four strong arms can wield two-handed weapons with a shield.
You have a pair of large antennae on your head. (SInv)
You occasionally shout uncontrollably at your foes.
Your spells are a little easier to cast, but a little less powerful.


Message History

* * * LOW HITPOINT WARNING * * *
You block the 14-headed hydra's attack. The 14-headed hydra barely misses you.
The 14-headed hydra bites you but does no damage. x5
You block the 14-headed hydra's attack. The 14-headed hydra bites you!
* * * LOW HITPOINT WARNING * * *
The 14-headed hydra bites you but does no damage.
You block the 14-headed hydra's attack. The 14-headed hydra bites you!
* * * LOW HITPOINT WARNING * * *
You hit the 14-headed hydra.
The 14-headed hydra is almost dead.
The deep elf mage gestures wildly while chanting.
The deep elf mage conjures a globe of magical energy!
A battlesphere comes into view.
Space bends around you!
You blink.
You block the vampire mosquito's attack.
The ogre mage hits you but does no damage.
The vampire mosquito barely misses you. Space bends around you!
You blink.
The death knight hits you with a +3 battleaxe of electrocution.
You die...

##.##.{{#...#. #
#..#8.{{#.©.#..
#.####{#######'#### #
#.# .{..○.#......#
.### #.#
e#l#.##.####§.#....
..##.{##. #.####*##..#
...#.###.##☼R#{De#...#
...#{.......○y##p#...#
#..#..#.##.#c#l#@#...#
#.##.##. #.###(#y##..#
#.#..Y..##$...O§..#..#
#.#©.#D#...##.Y##.#..#
#.#.##.##...##.##.# .#
#.##....p.©......##
...##.########..## .
##..#####.©.#####...>
##...........†...#


You could see a death knight, a 14-headed hydra, a deep elf mage, a yak, a
vampire mosquito and a battlesphere.

Vanquished Creatures
  A minotaur (Gauntlet)
  Snorg (Lair:4)
  Josephine (D:12)
  Harold (D:10)
  4 vault guards (D:13)
  A boulder beetle (Lair:2)
  6 hydras
  A catoblepas (Lair:6)
  4 two-headed ogres
  6 death yaks
  A centaur warrior (D:13)
  Nergalle (Orc:1)
  A wretched star (Gauntlet)
  An unseen horror (D:12)
  2 bog bodies (Lair:2)
  3 lindwurms (Lair:6)
  3 orc knights (Orc:2)
  An orc sorcerer (Orc:2)
  An orb spider (Lair:3)
  A deep elf mage (D:12)
  4 manticores
  Maurice (D:9)
  4 black mambas
  6 elephants
  17 cane toads
  3 centaur skeletons
  A gargoyle (D:10)
  4 torpor snails
  Maggie (Lair:2)
  Psyche (D:9)
  3 kobold demonologists (D:12)
  5 rime drakes
  8 komodo dragons
  3 hornets
  11 blink frogs
  5 trolls
  10 polar bears
  5 slime creatures (D:13)
  A raiju (Lair:6)
  7 dream sheep
  2 vampires
  70 yaks
  6 wraiths
  Grum (D:9)
  2 basilisks
  6 wyverns
  A neqoxec (Gauntlet)
  3 vampire mosquitoes (D:12)
  Edmund (D:4)
  A swamp worm (Lair:2)
  10 wargs
  10 water moccasins
  14 hell hounds (Lair:6)
  An ice beast (D:8)
  33 orc warriors
  13 black bears
  2 sky beasts
  An eye of draining (D:12)
  3 phantoms
  9 ogres
  15 centaurs
  47 wolves
  7 big kobolds
  15 bullfrogs
  3 elf zombies (Ossuary)
  A gnoll sergeant (D:3)
  A wyvern zombie (D:8)
  A water moccasin zombie (D:5)
  4 scorpions
  10 killer bees
  10 wights
  An electric eel (Lair:2)
  A bullfrog zombie (D:10)
  A human zombie (D:4)
  5 hounds
  4 centaur zombies
  19 orc priests
  3 jellies
  13 orc wizards
  3 bullfrog skeletons
  2 human skeletons (D:4)
  5 hell rats (Lair:5)
  4 iguanas
  10 worker ants
  A hound skeleton (D:9)
  A mummy (Ossuary)
  A worker ant zombie (D:11)
  Robin (D:3)
  17 adders
  7 shadow imps
  3 white imps
  An ufetubus (D:6)
  2 oozes
  An adder skeleton (D:8)
  4 worms
  2 dart slugs (D:2)
  4 leopard geckos
  71 orcs
  5 giant cockroaches
  14 goblins
  9 hobgoblins
  11 jackals
  2 quokkas
  2 ball pythons
  7 bats
  4 frilled lizards
  A jackal skeleton (D:7)
  25 kobolds
  An orc skeleton (D:4)
  2 orc zombies (D:4)
  2 quokka skeletons
  2 rats
718 creatures vanquished.

Vanquished Creatures (others)
  An orc wizard (D:6)
  2 bushes (Lair:6)
  5 demonic plants (Gauntlet)
  51 fungi
  64 plants
123 creatures vanquished.

Grand Total: 841 creatures vanquished

Notes
Turn   | Place    | Note
-------+----------+-------------------------------------------
     0 | Abyss:1  | kazak the Formicid Abyssal Knight began the quest for the
                  | Orb.
     0 | Abyss:1  | Reached XP level 1. HP: 18/18 MP: 2/2
    34 | Abyss:1  | Noticed a raiju
    37 | D:1      | Escaped the Abyss
   178 | D:1      | Reached * piety under Lugonu
   179 | D:1      | Reached XP level 2. HP: 23/24 MP: 3/3
   512 | D:1      | Reached skill level 3 in Polearms
   679 | D:1      | Reached XP level 3. HP: 29/29 MP: 4/4
  1128 | D:2      | Found a snail-covered altar of Cheibriados.
  1244 | D:2      | Reached skill level 4 in Polearms
  1244 | D:2      | Reached XP level 4. HP: 31/35 MP: 5/5
  1287 | D:2      | Found a hazy altar of Hepliaklqana.
  1888 | D:2      | Found a glowing silver altar of Zin.
  1909 | D:2      | Found an iron altar of Okawaru.
  2331 | D:3      | Reached XP level 5. HP: 36/41 MP: 6/6
  2457 | D:3      | Reached ** piety under Lugonu
  2458 | D:3      | Noticed Robin
  2481 | D:3      | Reached skill level 5 in Polearms
  2486 | D:3      | Killed Robin
  3134 | D:3      | You fall into a shaft and drop 1 floor!
  3164 | D:4      | HP: 2/41 [poisoned by a gnoll sergeant]
  3393 | D:4      | Found an ancient bone altar of Kikubaaqudgha.
  3517 | D:4      | Found a glowing golden altar of the Shining One.
  3577 | D:4      | Reached XP level 6. HP: 38/47 MP: 7/7
  3603 | D:4      | Found a sand-covered staircase.
  3620 | D:4      | Reached skill level 6 in Polearms
  3655 | Ossuary  | Entered an ossuary
  3770 | Ossuary  | Reached skill level 7 in Polearms
  3770 | Ossuary  | Reached XP level 7. HP: 19/52 MP: 8/8
  4955 | D:3      | Reached skill level 8 in Polearms
  5780 | D:4      | Noticed Edmund
  5794 | D:4      | Killed Edmund
  5795 | D:4      | Reached XP level 8. HP: 55/58 MP: 9/9
  5938 | D:4      | Reached skill level 9 in Polearms
  5981 | D:4      | Found a stormy altar of Qazlal.
  6156 | D:4      | Reached skill level 1 in Shields
  6305 | D:5      | Entered Level 5 of the Dungeon
  6674 | D:5      | Found an ornate altar of the Wu Jian Council.
  6824 | D:5      | Reached skill level 5 in Shields
  7070 | D:6      | Found a staircase to the Ecumenical Temple.
  7085 | D:6      | Reached XP level 9. HP: 64/64 MP: 10/10
  7391 | D:6      | Reached *** piety under Lugonu
  8588 | D:7      | Noticed a small abomination
  8598 | D:7      | Noticed a green ugly thing
  8605 | D:7      | Found a transporter.
  8618 | D:7      | Found a transporter.
  8620 | D:7      | Identified the +4 whip of Disembowelment {distort, rN+
                  | Will- Int+3}
  8649 | D:7      | Found Puthri's Distillery.
  8656 | D:7      | Bought a potion of lignification for 39 gold pieces
  8656 | D:7      | Bought a potion of lignification for 39 gold pieces
  8656 | D:7      | Bought a potion of might for 52 gold pieces
  8656 | D:7      | Bought a potion of heal wounds for 65 gold pieces
  8734 | D:7      | Reached skill level 10 in Polearms
  8748 | D:7      | Noticed DarkMailMan's ghost (novice DEFE)
  8974 | D:8      | Found a radiant altar of Vehumet.
  9045 | D:8      | Noticed a two-headed ogre
  9066 | D:8      | Killed a two-headed ogre
  9067 | D:8      | Reached XP level 10. HP: 46/79 MP: 11/11
  9273 | D:8      | Found a shimmering blue altar of Sif Muna.
  9307 | D:8      | Reached **** piety under Lugonu
  9828 | D:8      | Found a sparkling altar of Nemelex Xobeh.
  9863 | D:8      | Found a glowing silver altar of Zin.
  9911 | D:8      | Found Juafann's Distillery.
  9914 | D:8      | Bought a potion of heal wounds for 60 gold pieces
 10422 | D:9      | Noticed Maurice
 10454 | D:9      | Killed Maurice
 10678 | D:9      | Found a hide-covered altar of Uskayaw.
 10783 | D:9      | Noticed Psyche
 10793 | D:9      | Killed Psyche
 10794 | D:9      | Reached skill level 5 in Armour
 11065 | D:9      | Noticed Grum
 11084 | D:9      | Killed Grum
 11217 | D:9      | Reached XP level 11. HP: 89/89 MP: 12/12
 11366 | D:10     | Entered Level 10 of the Dungeon
 11366 | D:10     | Found a staircase to the Orcish Mines.
 11385 | D:10     | Noticed Harold
 11415 | D:10     | Killed Harold
 11708 | D:10     | You fall into a shaft and drop 1 floor!
 11708 | D:11     | Found a staircase to the Lair.
 12155 | D:11     | Reached ***** piety under Lugonu
 12241 | D:11     | Noticed a boulder beetle
 12604 | D:10     | Reached skill level 5 in Invocations
 13422 | Orc:1    | Entered Level 1 of the Orcish Mines
 13871 | Orc:1    | Found Jatut's Gadget Shop.
 14008 | Orc:2    | Entered Level 2 of the Orcish Mines
 14008 | Orc:2    | Found a roughly hewn altar of Beogh.
 14109 | Orc:1    | Noticed a two-headed ogre
 14130 | Orc:2    | Killed a two-headed ogre
 14518 | Orc:2    | Noticed an orc sorcerer
 14533 | Orc:2    | Killed an orc sorcerer
 14534 | Orc:2    | Reached XP level 12. HP: 72/95 MP: 18/18
 14556 | Orc:2    | Reached skill level 5 in Evocations
 14838 | Orc:1    | Noticed Nergalle
 14871 | Orc:1    | Killed Nergalle
 15154 | Orc:1    | Found a roughly hewn altar of Beogh.
 15216 | Orc:1    | Noticed a two-headed ogre
 15229 | Orc:1    | Killed a two-headed ogre
 16149 | Orc:2    | Reached skill level 10 in Armour
 16159 | Orc:2    | Found Masef's Antique Weapon Shop.
 16159 | Orc:2    | Found Kiungav's General Store.
 16161 | Orc:2    | Found Hew Kuro's Assorted Antiques.
 16163 | Orc:2    | Found Mecraynk's Magic Scroll Boutique.
 16200 | Orc:2    | Bought a scroll labelled EVEVVU GOTIKH for 36 gold pieces
 16200 | Orc:2    | Bought a scroll labelled EVEVVU GOTIKH for 36 gold pieces
 16205 | Orc:2    | Bought a scroll of magic mapping for 56 gold pieces
 16279 | Orc:2    | Found a staircase to the Elven Halls.
 16491 | Lair:1   | Entered Level 1 of the Lair of Beasts
 16776 | Lair:1   | Reached skill level 11 in Polearms
 16843 | Lair:1   | Reached XP level 13. HP: 101/101 MP: 19/19
 17849 | Lair:2   | Noticed Maggie
 17865 | Lair:2   | Reached skill level 12 in Polearms
 17881 | Lair:2   | Killed Maggie
 18449 | Lair:2   | Noticed a boulder beetle
 18455 | Lair:2   | Killed a boulder beetle
 18456 | Lair:2   | Reached skill level 13 in Polearms
 18463 | Lair:2   | Reached ****** piety under Lugonu
 18775 | Lair:2   | Found a staircase to the Swamp.
 19128 | Lair:2   | Got a pair of faintly glowing gloves
 19129 | Lair:2   | Identified the +0 pair of gloves "Soatuw" {rC+ rN+ Int-2
                  | Stlth+} (You found it on level 2 of the Lair of Beasts)
 19825 | Lair:3   | Found a hole to the Spider Nest.
 19851 | Lair:3   | Reached skill level 14 in Polearms
 19879 | Lair:3   | Noticed a seven-headed hydra
 19883 | Lair:3   | Killed a seven-headed hydra
 19911 | Lair:3   | Noticed a seven-headed hydra
 19917 | Lair:3   | Killed a seven-headed hydra
 20333 | Lair:3   | Reached XP level 14. HP: 79/108 MP: 20/20
 20708 | Lair:3   | Reached skill level 15 in Polearms
 21345 | Lair:4   | Found a gate leading to a gauntlet.
 21395 | Gauntlet | Entered a Gauntlet
 21395 | Gauntlet | Found a transporter.
 21395 | Gauntlet | Found a transporter.
 21397 | Gauntlet | Found a transporter.
 21401 | Gauntlet | Found a transporter.
 21401 | Gauntlet | Found a transporter.
 21401 | Gauntlet | Found a transporter.
 21433 | Gauntlet | Found a transporter.
 21437 | Gauntlet | Found a transporter.
 21451 | Gauntlet | Found a transporter.
 21464 | Gauntlet | Found a transporter.
 21478 | Gauntlet | Found a transporter.
 21482 | Gauntlet | Found a transporter.
 21484 | Gauntlet | Found a runed translucent door.
 21486 | Gauntlet | Found a runed translucent door.
 21495 | Gauntlet | Found a runed translucent door.
 21528 | Gauntlet | Got a translucent granite ring
 21611 | Gauntlet | Gained mutation: You occasionally shout uncontrollably at
                  | your foes. [a neqoxec]
 21618 | Gauntlet | Gained mutation: Your spells are a little easier to cast,
                  | but a little less powerful. [a neqoxec]
 21623 | Gauntlet | Got a fine leather armour
 21627 | Gauntlet | Got a translucent ruby amulet
 21633 | Gauntlet | Identified the ring "Deanepp" {+Fly rN+ Int-2 Dex+5} (You
                  | found it in a Gauntlet)
 21636 | Gauntlet | Identified the amulet of Kasysa {Acrobat +Inv rElec Int-3
                  | Stlth+} (You found it in a Gauntlet)
 21677 | Gauntlet | Noticed a minotaur
 21708 | Gauntlet | Killed a minotaur
 22460 | Lair:4   | Reached skill level 16 in Polearms
 22480 | Lair:4   | Noticed Snorg
 22507 | Lair:4   | Killed Snorg
 24401 | Lair:5   | Found a runed translucent door.
 24401 | Lair:5   | Found a viscous altar of Jiyva.
 24401 | Lair:5   | Found a staircase to the Slime Pits.
 25336 | Lair:6   | Entered Level 6 of the Lair of Beasts
 25372 | Lair:6   | Reached skill level 17 in Polearms
 25491 | Lair:6   | Reached XP level 15. HP: 66/113 MP: 21/21
 26736 | Lair:6   | Reached skill level 18 in Polearms
 29885 | D:12     | Noticed Josephine
 29902 | D:12     | Killed Josephine
 30923 | D:13     | Reached XP level 16. HP: 120/120 MP: 22/22
 30938 | D:13     | Noticed a sphinx
 32167 | D:13     | Found a transporter.
 32177 | D:13     | Found a transporter.
 32209 | D:13     | HP: 5/120 [14-headed hydra (9)]
 32212 | D:13     | Slain by a death knight

Illustrated notes

Levels and vault maps discovered:
D:1:      dpeg_arrival_pits, layout_loops_cross, minivault_23,
          nrook_mini_backslash
D:2:      layout_loops_ring, lemuel_crystal_altar, kennysheep_slug_shrine,
          marbit_many_paths, minmay_hexomino_r4
D:3:      layout_loops_ring, kennysheep_generic_room_2, uniq_robin
D:4:      layout_gridville, kiku_gazebo_garden_becter,
          nicolae_overflow_hidden_temple, nicolae_ossuary_entry_catacombs,
          nicolae_qazlal_eye_of_the_storm, uniq_edmund
D:5:      layout_basic, nicolae_overflow_crystal_walls
D:6:      layout_basic, minmay_temple_entry_sparse_star,
          hangedman_abyss_or_decor_lesser_grid
D:7:      layout_basic, serial_shops, shop, gammafunk_ghost_abyssal_escape
D:8:      layout_loops_cross, general_overflow_altar, overflow_temple_1_default,
          lemuel_round_altar, serial_shops, nicolae_shop_behind_doors,
          nemelex_dance_club_becter
D:9:      layout_irregular_city, lemuel_round_altar, uniq_grum, uniq_maurice,
          uniq_psyche
D:10:     cheibrodos_ideogram_h, layout_basic, orc_0_dummy,
          kennysheep_cross_bottleneck, uniq_harold
D:11:     layout_loops_corners, erik_lair_orcish_takeover, grunt_decor_clamped
D:12:     nooodl_glass_maze, layout_basic, uniq_josephine
D:13:     gammafunk_the_bubble [the_bubble_gammafunk_crates], layout_loops_ring,
          erik_vaults_2, einodemon_crawler_minivault
Lair:1:   layout_cave_pods, chequers_serial_rivers_micro_e
Lair:2:   layout_chaotic_city, nicolae_swamp_entry_splash_gauntlet, uniq_maggie
Lair:3:   layout_hall_layers, nicolae_spider_entry_orb_guardian
Lair:4:   layout_cave_pods, gauntlet_entry_generic, infiniplex_staircase_pool_2,
          uniq_snorg
Lair:5:   layout_loops_ring, slime_altar_2, st_stairs_13
Lair:6:   hangedman_lair_caniforms_friends, layout_loops_ring,
          hangedman_lair_in_review, hangedman_lair_generics_rect
Orc:1:    layout_caves, serial_shops, nicolae_shop_waterfront, basic_altar,
          uniq_nergalle
Orc:2:    st_orc_rangers, layout_caves, basic_altar

Skill      XL: |  1  2  3  4  5  6  7  8  9 10 11 12 13 14 15 16 |
---------------+-------------------------------------------------+-----
Polearms       | 3 4 5 7 8 9 10 11 14 17 18 | 18.2
Shields        | 6 9 |  9.0
Fighting       | 7 9 |  9.1
Armour         | 6 9 10 13 14 | 14.5
Invocations    | 8 |  8.0
Evocations     | 4 9 |  9.0
Dodging        | |  0.8

Action                   |  1- 3 |  4- 6 |  7- 9 | 10-12 | 13-15 | 16-18 || total
-------------------------+-------+-------+-------+-------+-------+-------++-------
Melee: Spear             |   121 |   320 |   364 |   974 |       |     4 ||  1783
       Halberd           |       |       |       |    37 |    34 |       ||    71
       Trident           |       |       |       |   129 |  2078 |       ||  2207
       Glaive            |       |       |       |       |   147 |   228 ||   375
Throw: Dart              |       |     5 |    40 |     3 |       |       ||    48
       Throwing net      |       |       |       |       |       |     1 ||     1
Invok: Depart the Abyss  |     1 |       |       |       |       |       ||     1
       Bend Space        |       |       |     3 |       |     1 |     4 ||     8
       Banish            |       |       |       |       |       |     3 ||     3
 Abil: Dig               |       |     5 |     7 |    10 |    28 |     2 ||    52
       Shaft Self        |       |     1 |       |       |       |       ||     1
Evoke: Wand              |       |       |       |       |    13 |     4 ||    17
  Use: Scroll            |       |     9 |     4 |     7 |    12 |       ||    32
       Potion            |       |     2 |     5 |     3 |     9 |       ||    19
 Stab: Distracted        |       |       |       |     2 |       |       ||     2
       Invisible         |       |       |       |       |     9 |       ||     9
Armor: Leather armour    |    24 |       |       |       |       |       ||    24
       Chain mail        |     5 |   121 |    58 |     6 |       |       ||   190
       Skin              |       |       |     4 |    15 |       |       ||    19
       Plate armour      |       |       |       |   174 |   670 |    84 ||   928
Dodge: Dodged            |    54 |    65 |    37 |    97 |   309 |    65 ||   627
Block: Other             |       |       |    13 |       |       |       ||    13
       Kite shield       |       |       |    82 |   514 |   815 |    85 ||  1496
       Reflection        |       |       |    12 |    44 |     2 |       ||    58

Table legend: (Time is in decaauts)
 A = Elapsed time spent in this place.
 B = Non-inter-level travel time spent in this place.
 C = Inter-level travel time spent in this place.
 D = Time resting spent in this place.
 E = Time spent auto-exploring this place.
 F = Levels seen in this place.
 G = Mean time per level.
                   A        B        C        D        E       F      G
               +--------+--------+--------+--------+--------+-----+--------+
         Total |  30752 |  30065 |    687 |  11145 |  12212 |  24 | 1281.3 |
       Dungeon |  16233 |  15849 |    384 |   5127 |   7325 |  13 | 1248.7 |
          Lair |  11211 |  10977 |    234 |   4800 |   4106 |   6 | 1868.5 |
  Orcish Mines |   2405 |   2337 |     68 |    812 |    781 |   2 | 1202.5 |
         Abyss |     37 |     37 |      0 |      0 |      0 |   1 |   37.0 |
       Ossuary |    398 |    398 |      0 |    234 |      0 |   1 |  398.0 |
      Gauntlet |    466 |    466 |      0 |    171 |      0 |   1 |  466.0 |
               +--------+--------+--------+--------+--------+-----+--------+

Top non-repeatable levels by time:
  Lair:6: 3170 daAuts
  Lair:4: 2286 daAuts
     D:3: 2180 daAuts
    D:10: 1882 daAuts
   Orc:2: 1755 daAuts
  Lair:3: 1702 daAuts
  Lair:2: 1643 daAuts
     D:4: 1435 daAuts
    D:11: 1295 daAuts
  Lair:1: 1287 daAuts
    D:13: 1250 daAuts
     D:2: 1249 daAuts
     D:8: 1247 daAuts
     D:7: 1236 daAuts
    D:12: 1140 daAuts
